 Dungeon Crawl Stone Soup version 0.31-a0-524-g2a164cf6a2 (webtiles) character file.

Game seed: 8321165476892498031

107 AdnanSaban the Trooper (level 4, -2/29 HPs)
             Began as a Gargoyle Fighter on Aug 12, 2023.
             Killed from afar by an orc wizard (7 damage)
             ... with a magic dart
             ... on level 3 of the Dungeon.
             The game lasted 00:01:19 (1242 turns).

AdnanSaban the Trooper (Gargoyle Fighter)           Turns: 1242, Time: 00:01:20

Health: -2/29      AC: 14    Str: 22    XL:     4   Next: 85%
Magic:  0/4        EV:  9    Int:  8    God:
Gold:   146        SH:  5    Dex: 15    Spells: 3/3 levels left

rFire   . . .        a - +0 flail
rCold   . . .        c - +0 buckler
rNeg    + . .        b - +0 scale mail
rPois   ∞            (no helmet)
rElec   +            (no cloak)
rCorr   .            (no gloves)
SInv    .            (no boots)
Will    .....        p - amulet of guardian spirit Stlth
                     e - +6 ring of dexterity
HPRegen 0.24/turn    f - +4 ring of protection
MPRegen 0.09/turn

%: guardian spirit
@: no status effects
A: sickness immunity, AC +3, negative energy resistance 1, electricity
resistance, torment resistance 1, petrification resistance
a: no special abilities


You were on level 3 of the Dungeon.
You visited 1 branch of the dungeon, and saw 3 of its levels.

You collected 146 gold pieces.

Inventory:

Hand Weapons
 a - a +0 flail (weapon)
Missiles
 o - a throwing net
Armour
 b - a +0 scale mail (worn)
 c - a +0 buckler (worn)
Jewellery
 e - a +6 ring of dexterity (left hand)
 f - a +4 ring of protection (right hand)
 p - an amulet of guardian spirit (around neck)
Scrolls
 g - a scroll of revelation {unknown}
 i - a scroll of fear {unknown}
 k - 4 scrolls of identify {unknown}
 l - a scroll of fog {unknown}
 q - a scroll of teleportation {unknown}
Potions
 d - 2 potions of might
 h - 2 potions of brilliance {unknown}
 j - 2 potions of curing {unknown}
 m - a potion of mutation {unknown}
 n - 2 potions of berserk rage {unknown}


   Skills:
 + Level 4.1 Fighting
 + Level 2.9 Maces & Flails
 + Level 4.1 Armour
 + Level 0.4 Dodging
 + Level 3.8 Shields


You had 3 spell levels left.
You didn't know any spells.
Your spell library was empty.

Dungeon Overview and Level Annotations

Branches:
Dungeon (3/15)

Altars:
Uskayaw


Innate Abilities, Weirdness & Mutations

You are immune to sickness and miasma.
Your stone body is resilient. (AC +3)
You are immune to poison.
You resist negative energy. (rN+)
You are resistant to electric shocks. (rElec)
You are resistant to unholy torment.
You are immune to petrification.


Message History

You hear some strange, mumbled words.
A puff of flame appears from out of thin air!
The puff of flame hits you.
The orc hits you from afar with a +0 trident.
* * * LOW HITPOINT WARNING * * *
You are too injured to fight recklessly!
You are too injured to fight recklessly!
You are too injured to fight recklessly!
You are too injured to fight recklessly!
You are too injured to fight recklessly!
You miss something.
The orc hits you from afar with a +0 trident.
* * * LOW HITPOINT WARNING * * *
Something hits you but does no damage.
You barely miss something. Something hits you but does no damage.
The orc barely misses you. x2; Something hits you.
* * * LOW HITPOINT WARNING * * *
You hit something. The orc barely misses you.
You hear some strange, mumbled words.
A puff of flame appears from out of thin air!
The puff of flame hits you.
* * * LOW HITPOINT WARNING * * *
You barely miss something. Something hits you but does no damage.
You block the orc's attack.
You hit something. You block the orc's attack.
Something hits you but does no damage.
You barely miss something. Something hits you but does no damage.
The orc closely misses you. The orc hits you but does no damage.
Something hits you.
* * * LOW HITPOINT WARNING * * *
You miss something. You block the orc's attack.
You hear some strange, mumbled words.
Something tries to affect you, but you resist.
You barely miss something. Something hits you but does no damage.
The orc closely misses you.
You barely miss something.
You hear some strange, mumbled words.
A magic dart appears from out of thin air!
The magic dart hits you!
You die...

## #.#########
####.#.?.....[ #..
.......$.. #.###.....[=..
########## #.##..........
.........# #.#...).......
...).....####......).?....
..........@{ow....)..?....
.........####(............
...........##.#...........
###....##....#.....#...##
#........##.....#....#.#
#.####.#############.#.# .
#.## .. # ##..# #####...#


You could see a dart slug and an orc.

Vanquished Creatures
  3 gnolls (D:2)
  3 adders (D:2)
  A dart slug (D:1)
  5 orcs
  A bat (D:2)
  2 endoplasms
  4 giant cockroaches (D:1)
  4 goblins
  2 hobgoblins
  3 jackals (D:3)
  2 kobolds (D:2)
  A quokka (D:2)
  5 ball pythons
  2 frilled lizards (D:2)
  6 rats
44 creatures vanquished.

Notes
Turn   | Place    | Note
-------+----------+-------------------------------------------
     0 | D:1      | AdnanSaban the Gargoyle Fighter began the quest for the
                  | Orb.
     0 | D:1      | Reached XP level 1. HP: 14/14 MP: 1/1
   155 | D:1      | Reached XP level 2. HP: 19/19 MP: 2/2
   212 | D:1      | Found a faded altar of an unknown god.
   585 | D:2      | Reached XP level 3. HP: 23/23 MP: 3/3
   681 | D:2      | Found a hide-covered altar of Uskayaw.
   737 | D:2      | Reached XP level 4. HP: 26/29 MP: 4/4
  1242 | D:3      | Killed from afar by an orc wizard

Illustrated notes

Levels and vault maps discovered:
D:1:      reono_arrival_forest_river, layout_rooms,
          dreamdust_ecumenical_altar_grove, minmay_tripent
D:2:      layout_loops_ring, basic_altar
D:3:      layout_rooms, minitemple, gammafunk_ghost_necromancy, serial_shops,
          shop

Skill      XL: |  1  2  3 |
---------------+----------+-----
Armour         | 4 |  4.1
Fighting       | 4 |  4.1
Maces & Flails | |  2.9
Dodging        | |  0.4
Shields        | |  3.8

Action                     |  1- 3 |  4- 6 || total
---------------------------+-------+-------++-------
  Melee: Flail             |    77 |    83 ||   160
 Armour: Scale mail        |    45 |    57 ||   102
  Dodge: Dodged            |    25 |    56 ||    81
  Block: Buckler           |    20 |    42 ||    62

Table legend: (Time is in decaauts)
 A = Elapsed time spent in this place.
 B = Non-inter-level travel time spent in this place.
 C = Inter-level travel time spent in this place.
 D = Time resting spent in this place.
 E = Time spent auto-exploring this place.
 F = Levels seen in this place.
 G = Mean time per level.
                   A        B        C        D        E       F      G
               +--------+--------+--------+--------+--------+-----+--------+
         Total |   1292 |   1284 |      8 |      0 |    924 |   3 |  430.7 |
       Dungeon |   1292 |   1284 |      8 |      0 |    924 |   3 |  430.7 |
               +--------+--------+--------+--------+--------+-----+--------+

Top non-repeatable levels by time:
     D:2: 749 daAuts
     D:1: 449 daAuts
     D:3: 93 daAuts
